 Dungeon Crawl Stone Soup version 0.30-a0-364-gf6b3ef1049 (webtiles) character file.

Game seed: 8462947027234635749

150 KarmaKiller the Trooper (level 5, -2/33 HPs)
             Began as a Gargoyle Monk on Nov 14, 2022.
             Killed by divine providence
             ... invoked by an orc priest
              (12 damage)
             ... on level 3 of the Dungeon.
             The game lasted 00:13:38 (2213 turns).

KarmaKiller the Trooper (Gargoyle Monk)             Turns: 2213, Time: 00:13:39

Health: -2/33      AC: 12    Str: 16    XL:     5   Next: 32%
Magic:  5/5        EV:  7    Int: 11    God:
Gold:   102        SH:  0    Dex: 12    Spells: 4/4 levels left

rFire   . . .      SeeInvis .    i - +2 morningstar (drain)
rCold   . . .      Faith    .    (no shield)
rNeg    + . .      Spirit   .    l - +0 chain mail
rPois   ∞          Reflect  .    (no helmet)
rElec   +          Harm     .    (no cloak)
rCorr   .          Rampage  .    (no gloves)
Will    .....                    (no boots)
Stlth   ..........               (no amulet)
HPRegen 0.25/turn                e - ring of flight
MPRegen 0.09/turn                (no ring)

@: flying
A: sickness immunity, AC +4, negative energy resistance 1, electricity
resistance, torment resistance 1, petrification resistance
a: no special abilities


You were on level 3 of the Dungeon.
You visited 1 branch of the dungeon, and saw 3 of its levels.

You collected 102 gold pieces.

Inventory:

Hand Weapons
 i - a +2 morningstar of draining (weapon)
 j - a +0 mace
Missiles
 h - 3 javelins (quivered)
Armour
 a - a +0 robe
 l - a +0 chain mail (worn)
Jewellery
 e - a ring of flight (left hand)
Scrolls
 d - a scroll of teleportation
Potions
 b - a potion of ambrosia
 c - a potion of might {unknown}
 f - a potion of resistance
 g - a potion of haste
 k - 3 potions of curing
 n - 2 potions of brilliance {unknown}


   Skills:
 + Level 4.0 Fighting
 + Level 1.7 Maces & Flails
 + Level 1.8 Armour
 + Level 3.1 Dodging
 + Level 2.4 Stealth
 + Level 3.8 Unarmed Combat


You had 4 spell levels left.
You didn't know any spells.
Your spell library contained the following spells:

 Spells                   Type           Power      Damage    Failure   Level
 Kiss of Death            Conj/Necr      0%         2d5       100%        1


Dungeon Overview and Level Annotations

Branches:
Dungeon (3/15)

Altars:
Elyvilon

Shops:
D:1 [


Innate Abilities, Weirdness & Mutations

You are immune to sickness and miasma.
Your stone body is resilient. (AC +4)
You are immune to poison.
You resist negative energy. (rN+)
You are resistant to electric shocks. (rElec)
You are resistant to unholy torment.
You are immune to petrification.


Message History

You kill the orc!
There is an open door, spattered with blood here.
Things that are here:
a +0 whip; an orc corpse You start resting.
HP restored.
Things that are here:
a +0 club; a +0 ring mail; an orc corpse
Found an escape hatch in the ceiling.
There is an escape hatch in the ceiling here.
An orc and 2 orc priests come into view.
The orc shouts!
The orc priest shouts!
The orc priest barely misses you.
You barely miss the orc priest. The orc priest barely misses you.
You puncture the orc!
You kill the orc!
You sock the orc priest! You drain the orc priest.
The orc priest is almost dead.
The orc priest looks satisfied for a moment.
The orc priest looks encouraged for a moment.
You hit the orc priest.
You kill the orc priest!
The orc priest looks satisfied for a moment.
Your Fighting skill increases to level 4!
The orc priest hits you but does no damage.
A rat comes into view.
Items here: )) [ †.
You hit the orc priest but do no damage.
You drain the orc priest.
The orc priest is lightly wounded.
The orc priest calls down the wrath of Beogh upon you.
Beogh smites you!
The orc priest calls down the wrath of Beogh upon you.
Beogh smites you!
* * * LOW HITPOINT WARNING * * *
You closely miss the orc priest.
The orc priest is lightly wounded.
The orc priest invokes the aid of Beogh against you.
Beogh smites you!
You die...

#.# #.# #.#
#<# ##.##
#.#
#.########
#...##
#........#
....##
########.#
... . #.#
#.#.#
#.#####.#.#
#.........#
#######@###
#o# #.# #.#
#.# #r# #.#
#.#


You could see an orc priest (very drained) and a rat.

Vanquished Creatures
  An orc priest (D:3)
  7 adders
  2 dart slugs
  6 orcs (D:3)
  3 bats
  4 endoplasms
  4 giant cockroaches
  3 goblins (D:1)
  3 hobgoblins
  9 jackals
  2 ball pythons
  3 rats
47 creatures vanquished.

Notes
Turn   | Place    | Note
-------+----------+-------------------------------------------
     0 | D:1      | KarmaKiller the Gargoyle Monk began the quest for the Orb.
     0 | D:1      | Reached XP level 1. HP: 14/14 MP: 1/1
   219 | D:1      | Reached XP level 2. HP: 8/19 MP: 2/2
   406 | D:1      | Found a faded altar of an unknown god.
   423 | D:1      | Got Plato's Catalogue of Mortification
   526 | D:1      | Reached XP level 3. HP: 20/23 MP: 3/3
   609 | D:1      | Found Zapsummu's Antique Armour Shop.
  1315 | D:2      | Reached XP level 4. HP: 27/29 MP: 4/4
  1469 | D:2      | Found a white marble altar of Elyvilon.
  1638 | D:2      | Reached skill level 1 in Armour
  1845 | D:3      | Noticed a bullfrog
  1845 | D:3      | Noticed a bullfrog
  1906 | D:3      | Reached skill level 1 in Maces & Flails
  2083 | D:3      | Reached XP level 5. HP: 22/33 MP: 5/5
  2211 | D:3      | Reached skill level 4 in Fighting
  2213 | D:3      | Killed from afar by an orc priest

Illustrated notes

Levels and vault maps discovered:
D:1:      dpeg_arrival_radiant, layout_loops_ring,
          shapermc_ecumenical_altar_rom_forum, serial_shops,
          nicolae_shop_behind_doors, roderic_roman_lattice
D:2:      layout_loops_ring, basic_altar
D:3:      layout_loops_corners, amcnicky_altar_gilded, lightli_corner_chamber

Skill      XL: |  1  2  3  4  5 |
---------------+----------------+-----
Dodging        | 3 |  3.1
Armour         | 1 |  1.8
Maces & Flails | 1 |  1.7
Fighting       | 4 |  4.0
Stealth        | |  2.4
Unarmed Combat | |  3.8

Action                   |  1- 3 |  4- 6 || total
-------------------------+-------+-------++-------
Melee: Unarmed           |    55 |       ||    55
       Punch             |     3 |     1 ||     4
       Mace              |    48 |    60 ||   108
       Morningstar       |       |    11 ||    11
  Use: Scroll            |     2 |     3 ||     5
 Stab: Sleeping          |     2 |       ||     2
Armor: Robe              |    15 |       ||    15
       Scale mail        |    18 |       ||    18
       Chain mail        |    16 |    58 ||    74
Dodge: Dodged            |    62 |    27 ||    89

Table legend: (Time is in decaauts)
 A = Elapsed time spent in this place.
 B = Non-inter-level travel time spent in this place.
 C = Inter-level travel time spent in this place.
 D = Time resting spent in this place.
 E = Time spent auto-exploring this place.
 F = Levels seen in this place.
 G = Mean time per level.
                   A        B        C        D        E       F      G
               +--------+--------+--------+--------+--------+-----+--------+
         Total |   2253 |   2253 |      0 |    136 |      0 |   3 |  751.0 |
       Dungeon |   2253 |   2253 |      0 |    136 |      0 |   3 |  751.0 |
               +--------+--------+--------+--------+--------+-----+--------+

Top non-repeatable levels by time:
     D:1: 991 daAuts
     D:2: 802 daAuts
     D:3: 458 daAuts
